 Dungeon Crawl Stone Soup version 0.28.0-47-ge53b351184 (webtiles) character file.

Game seed: 7649216693938856708

67 101zpm the Magician (level 4, -4/31 HPs)
             Began as a Djinni Ice Elementalist on Apr 26, 2022.
             Killed from afar by an orc wizard (7 damage)
             ... with a magic dart
             ... on level 3 of the Dungeon.
             The game lasted 00:03:54 (2477 turns).

101zpm the Magician (Djinni Ice Elementalist)       Turns: 2477, Time: 00:03:55

Health: -4/31      AC:  2    Str:  7    XL:     4   Next: 40%
Gold:   98         EV: 12    Int: 18    God:
                   SH:  0    Dex: 14

rFire   + + .      SeeInvis .   g - staff of air
rCold   x . .      Faith    .   (no shield)
rNeg    . . .      Spirit   .   a - +0 robe
rPois   ∞          Reflect  .   (no helmet)
rElec   +          Harm     .   (no cloak)
rCorr   .          Rampage  .   (no gloves)
Will    .....                   (boots unavailable)
Stlth   ++........              (no amulet)
HPRegen 0.10/turn               (no ring)
MPRegen 0.00/turn               (no ring)

@: flying
A: sickness immunity, fire resistance 2, cold vulnerability 1, float, innate
caster, HP casting, extra vitality 1
a: no special abilities


You were on level 3 of the Dungeon.
You visited 1 branch of the dungeon, and saw 3 of its levels.

You collected 98 gold pieces.

Inventory:

Armour
 a - a +0 robe (worn)
Magical Staves
 g - a staff of air (weapon)
Scrolls
 b - a scroll of enchant armour {unknown}
 c - 3 scrolls of identify {unknown}
 e - a scroll of noise {unknown}
 m - a scroll of enchant weapon {unknown}
Potions
 d - a potion of berserk rage {unknown}
 f - a potion of lignification {unknown}
 h - a potion of brilliance {unknown}
 i - a potion of mutation {unknown}
 j - a potion of magic {unknown}
 k - a potion of haste {unknown}
 l - a potion of curing {unknown}


   Skills:
 + Level 2.4 Dodging
 + Level 1.6 Stealth
 + Level 4.3 Spellcasting


You couldn't memorise any spells.
You knew the following spells:

 Your Spells              Type           Power      Damage    Failure   Level
a - Freeze                Ice            76%        1d9       2%          1
b - Frozen Ramparts       Ice            38%        1d5       7%          3
c - Ozocubu's Armour      Ice            19%        N/A       7%          3
d - Hailstorm             Conj/Ice       19%        3d6       24%         4
e - Foxfire               Conj/Fire      76%        2x1d7     2%          1
Your spell library was empty.

Dungeon Overview and Level Annotations

Branches:
Dungeon (3/15)

Altars:
Makhleb


Innate Abilities, Weirdness & Mutations

You are immune to sickness and miasma.
You are immune to poison.
Your flesh is very heat resistant. (rF++)
You are vulnerable to cold. (rC-)
You float through the air rather than walking.
You learn spells naturally, not from books.
Your magical power is your life essence.
You have superior vitality. (+4 MHP)


Message History

You barely miss something. Something hits you.
You barely miss something. Something hits you.
Aiming: Freeze (safe; 2% risk of failure)
Press: ? - help, Q - select action, (/) - cycle Shift-Dir - straight line You freeze something!
The orc completely misses you. Something hits you.
Aiming: Freeze (safe; 2% risk of failure)
Press: ? - help, Q - select action, (/) - cycle Shift-Dir - straight line, f - orc
Aim: an orc, wielding a +0 flail You freeze the orc!
You kill the orc!
Aiming: Freeze (safe; 2% risk of failure)
Press: ? - help, Q - select action, (/) - cycle Shift-Dir - straight line, f - orc
Aim: an orc, wielding a +0 club and wearing a +0 leather armour You freeze the orc.
The orc is heavily wounded.
The orc barely misses you.
Aiming: Freeze (safe; 2% risk of failure)
Press: ? - help, Q - select action, (/) - cycle Shift-Dir - straight line, f/p - orc
Aim: an orc, wielding a +0 club and wearing a +0 leather armour (heavily wounded)
You freeze the orc.
The orc is almost dead.
A magic dart appears from out of thin air!
The magic dart hits you!
* * * LOW HITPOINT WARNING * * *
Aiming: Freeze (safe; 2% risk of failure)
Press: ? - help, Q - select action, (/) - cycle Shift-Dir - straight line, f/p - orc
Aim: an orc, wielding a +0 club and wearing a +0 leather armour (almost dead)
You freeze the orc.
You kill the orc!
* * * LOW HITPOINT WARNING * * *
Aiming: Freeze (safe; 2% risk of failure)
Press: ? - help, Q - select action, (/) - cycle Shift-Dir - straight line, f - orc
Aim: an orc, wielding a +0 war axe You freeze the orc.
The orc is lightly wounded.
* * * LOW HITPOINT WARNING * * *
A magic dart appears from out of thin air!
The magic dart hits you!
You die...

##.......#.##..........
#.......#.............
#.........##..#.#.###.
#.......#.##.>#.#.##..
###.....#.......†..... .
#.....#.##..#.#.##.. ...
#####...............
.....#.8)###.##..........
[....'{)@.'..##..#.#.##..
.....#.8o##..##..#.#.....
... #####...........##..
. ............. ..
.............# ..
......>........ ..
...........#. .
##..........# # #


You could see an orc.

Vanquished Creatures
  3 dart slugs (D:1)
  4 orcs (D:3)
  4 bats
  7 endoplasms
  2 giant cockroaches (D:1)
  2 goblins
  6 hobgoblins
  5 kobolds
  5 quokkas
  5 ball pythons
  3 frilled lizards
  4 rats
50 creatures vanquished.

Notes
Turn   | Place    | Note
-------+----------+-------------------------------------------
     0 | D:1      | 101zpm the Djinni Ice Elementalist began the quest for the
                  | Orb.
     0 | D:1      | Reached XP level 1. HP: 15/15 MP: 0/0
   141 | D:1      | Reached XP level 2. HP: 12/21 MP: 0/0
   811 | D:1      | Reached XP level 3. HP: 23/25 MP: 0/0
   811 | D:1      | Learned a level 1 spell: Foxfire
  1171 | D:1      | Reached skill level 4 in Spellcasting
  1965 | D:2      | Reached XP level 4. HP: 28/31 MP: 0/0
  2195 | D:3      | Found a burning altar of Makhleb.
  2468 | D:3      | Found the +1 Delatra's gloves {ID++}
  2477 | D:3      | Killed from afar by an orc wizard

Illustrated notes

Levels and vault maps discovered:
D:1:      noname_arrival_rooms_in_the_neighbourhood, layout_basic
D:2:      layout_basic
D:3:      layout_basic, bloody_makhleb, kennysheep_pointless_box,
          pf_guarded_unrand_delatra

Skill      XL: |  1  2  3 |
---------------+----------+-----
Spellcasting   | 4 |  4.3
Dodging        | |  2.4
Stealth        | |  1.6

Action                   |  1- 3 |  4- 6 || total
-------------------------+-------+-------++-------
Melee: Staff             |       |     4 ||     4
 Cast: Freeze            |    59 |    22 ||    81
Armor: Robe              |     9 |     2 ||    11
Dodge: Dodged            |    37 |    14 ||    51
